 Dungeon Crawl Stone Soup version 0.30-a0-305-g026cb31310 (webtiles) character file.

Game seed: 6881989990980418860

2332 pokeman the Thaumaturge (level 9, -18/49 HPs)
             Began as a Deep Elf Hedge Wizard on Oct 23, 2022.
             Was an Initiate of Vehumet.
             Killed from afar by IdlyInterested's ghost (20 damage)
             ... with a stone arrow
             ... on level 7 of the Dungeon.
             The game lasted 00:11:47 (7852 turns).

pokeman the Thaumaturge (Deep Elf Hedge Wizard)     Turns: 7852, Time: 00:11:48

Health: -18/49     AC:  8    Str:  7    XL:     9   Next: 19%
Magic:  22/35      EV: 13    Int: 24    God:    Vehumet [......]
Gold:   419        SH:  0    Dex: 14    Spells: 17/30 levels left

rFire   . . .      SeeInvis +    k - +2 dagger (elec)
rCold   . . .      Faith    .    (no shield)
rNeg    . . .      Spirit   .    q - +0 steam dragon scales
rPois   .          Reflect  .    x - +2 hat
rElec   .          Harm     .    (no cloak)
rCorr   .          Rampage  .    i - +0 pair of gloves
Will    .....                    (no boots)
Stlth   ++........               (no amulet)
HPRegen 0.28/turn                e - ring of magical power
MPRegen 0.24/turn                j - ring of see invisible

@: lethally poisoned (-18 -> -30), on blink cooldown, studying Spellcasting
A: no striking features
a: Renounce Religion


You were on level 7 of the Dungeon.
You worshipped Vehumet.
Vehumet was noncommittal.
You visited 2 branches of the dungeon, and saw 8 of its levels.

You collected 419 gold pieces.

Inventory:

Hand Weapons
 k - a +2 dagger of electrocution (weapon)
Armour
 i - a +0 pair of gloves (worn)
 q - +0 steam dragon scales (worn)
 x - a +2 hat (worn)
Magical Staves
 n - a staff of fire
Jewellery
 e - a ring of magical power (left hand)
 j - a ring of see invisible (right hand)
Wands
 c - a wand of polymorph (5)
Scrolls
 b - a scroll of immolation {unknown}
 f - 2 scrolls of magic mapping {unknown}
 g - 8 scrolls of identify {unknown}
 m - 2 scrolls of vulnerability {unknown}
 p - 2 scrolls of teleportation {unknown}
 r - a scroll of fog {unknown}
 s - 3 scrolls of enchant weapon {unknown}
 t - a scroll of amnesia {unknown}
 u - a scroll of acquirement {unknown}
 v - a scroll of silence {unknown}
 w - a scroll of enchant armour {unknown}
 y - a scroll of torment {unknown}
Potions
 a - 2 potions of heal wounds
 d - 4 potions of magic
 h - 4 potions of curing {unknown}
 l - 2 potions of flight {unknown}
 o - 2 potions of haste {unknown}
 z - a potion of cancellation {unknown}
 A - a potion of mutation {unknown}
 B - a potion of might {unknown}


   Skills:
 + Level 2.9 Fighting
 - Level 3.1 Armour
 - Level 3.0 Dodging
 - Level 3.0 Stealth
 * Level 11.4 Spellcasting
 + Level 7.1 Conjurations
 - Level 1.1 Summonings
 - Level 1.1 Translocations
 + Level 1.1 Fire Magic
 - Level 1.0 Ice Magic
 - Level 1.0 Air Magic
 - Level 1.0 Poison Magic
 - Level 1.1 Evocations


You had 17 spell levels left.
You knew the following spells:

 Your Spells              Type           Power      Damage    Failure   Level
a - Magic Dart            Conj           100%       1d8       1%          1
b - Mephitic Cloud        Conj/Pois/Air  28%        N/A       4%          3
c - Call Imp              Summ           19%        N/A       4%          2
d - Blink                 Tloc           38%        N/A       4%          2
e - Freezing Cloud        Conj/Ice/Air   14%        6-21      34%         5

Your spell library contained the following spells:

 Spells                   Type           Power      Damage    Failure   Level
 Momentum Strike          Conj/Tloc      66%        3d9       1%          2
 Slow                     Hex            52%        N/A       4%          1
 Cigotuvi's Dreadful Rot  Necr/Pois/Air  32%        N/A       5%          2
 Kindle Blastsparks       Fire/Tloc/Air  36%        2d13      9%          3
 Lesser Beckoning         Tloc           38%        N/A       9%          3
 Ignite Poison            Fire/Tmut/Pois 17%        N/A       10%         3
 Summon Guardian Golem    Hex/Summ       16%        N/A       11%         3
 Orb of Destruction       Conj           23%        9d8       91%         7
 Spellforged Servitor     Conj/Summ      16%        N/A       100%        7


Dungeon Overview and Level Annotations

Branches:
Dungeon (7/15)             Temple (1/1) D:6

Altars:
Ashenzari
Cheibriados
Dithmenos
Elyvilon
Fedhas
Gozag
Hepliaklqana
Kikubaaqudgha
Makhleb
Okawaru
Qazlal
Ru
Sif Muna
Trog
Uskayaw
Vehumet
Wu Jian
Xom
Yredelemnul
Zin

Shops:
D:5 =

Annotations:
D:7 1 transporter, IdlyInterested's ghost, novice DsWn


Message History

Unknown command.
IdlyInterested's ghost attacks as you move away!
IdlyInterested's ghost hits you.
IdlyInterested's ghost gestures at you while chanting.
The stone arrow hits you!
You catch the helpless gnoll sergeant completely off-guard!
You hit the gnoll sergeant but do no damage.
The gnoll sergeant is lightly wounded.
The gnoll sergeant seems less confused.
The gnoll sergeant hits you with a +0 trident of protection.
* * * LOW HITPOINT WARNING * * *
Unknown command.
Casting: Mephitic Cloud (dangerous; 4% risk of failure)
Confirm with . or Enter, or press ? or * to list all spells.
You blink.
The gnoll hits you but does no damage. The gnoll sergeant barely misses you.
IdlyInterested's ghost gestures at you while chanting.
The blast of sand hits you!
* * * LOW HITPOINT WARNING * * *
The gnoll bouda barks out a call to the hunt!
The gnoll sergeant picks up the pace!
The gnoll sergeant barely misses you.
Casting: Blink (safe; 4% risk of failure)
Confirm with . or Enter, or press ? or * to list all spells.
Aiming: Mephitic Cloud (dangerous; 4% risk of failure)
Press: ? - help, Shift-Dir - straight line, p - gnoll sergeant The ball explodes into a vile cloud!
The stinking cloud engulfs the gnoll sergeant but does no damage.
The gnoll sergeant is lightly wounded.
The stinking cloud engulfs IdlyInterested's ghost but does no damage.
IdlyInterested's ghost is heavily damaged.
The stinking cloud engulfs the gnoll but does no damage.
The gnoll is engulfed in noxious fumes.
The gnoll appears confused.
The gnoll barely misses you.
The gnoll sergeant hits you from afar with a +1 spear of venom.
* * * LOW HITPOINT WARNING * * *
You are lethally poisoned!
IdlyInterested's ghost points at you and mumbles some strange words.
The stone arrow hits you!!
You die...

.................................
≈≈≈≈≈≈≈≈≈≈...≈≈≈≈≈≈≈≈≈≈≈......#.#
≈≈≈≈≈≈≈≈≈≈...≈≈≈≈≈≈≈≈≈≈≈.#...##.#
≈#####...........#####≈≈.##.###.#
≈#.#.#.###.©.###.#.#.#≈≈.##......
≈#...###.#####.###...#≈≈.##.#####
≈###...............###≈≈.##'##
≈.8#.##'###g######.#8.≈≈.#...##
≈.##.#...#.g8#..@#.##.≈≈......##
~.#..'.....©⌠#§g☼gg.#.~~.......##
≈.##.#...#g)8#.W☼#g##.≈≈........#
≈.8#g##'###'######g#8.≈≈........+
≈###..............g###≈≈........#
≈#...###©#####.###...#≈≈.......##
≈#.#.#.###.©.###.#.#.#≈≈......##
≈#####...........#####≈≈.....##
≈≈≈≈≈≈≈≈≈≈≈~≈≈≈≈≈≈≈≈≈≈≈≈.##+##


You could see 2 gnoll sergeants, a gnoll bouda, IdlyInterested's ghost and 2
gnolls.

Vanquished Creatures
  Grinder (D:4)
  Prince Ribbit (D:5)
  Sigmund (D:5)
  A steam dragon (D:6)
  2 ice beasts (D:7)
  A sky beast (D:7)
  2 black bears (D:6)
  An ogre (D:4)
  A centaur (D:6)
  3 bullfrogs
  4 necrophages
  A howler monkey (D:6)
  2 hounds (D:5)
  2 jellies (D:6)
  3 orc priests
  2 iguanas
  3 orc wizards
  5 gnolls
  7 adders
  A white imp (D:6)
  A worm (D:3)
  6 dart slugs
  12 orcs
  6 ball pythons
  6 bats
  11 endoplasms
  2 giant cockroaches (D:4)
  4 goblins
  6 hobgoblins
  5 quokkas
  2 frilled lizards
  5 kobolds
  13 rats
123 creatures vanquished.

Vanquished Creatures (collateral kills)
  An orc wizard (D:5)
1 creature vanquished.

Vanquished Creatures (others)
  6 plants (D:7)
6 creatures vanquished.

Grand Total: 130 creatures vanquished

Notes
Turn   | Place    | Note
-------+----------+-------------------------------------------
     0 | D:1      | pokeman the Deep Elf Hedge Wizard began the quest for the
                  | Orb.
     0 | D:1      | Reached XP level 1. HP: 10/10 MP: 7/7
   500 | D:1      | Reached XP level 2. HP: 16/16 MP: 9/9
   874 | D:1      | Reached skill level 5 in Spellcasting
  1148 | D:1      | Reached XP level 3. HP: 19/20 MP: 11/11
  1152 | D:1      | Learned a level 3 spell: Mephitic Cloud
  1155 | D:1      | Learned a level 2 spell: Call Imp
  1158 | D:1      | Learned a level 2 spell: Blink
  1735 | D:2      | Reached skill level 1 in Fighting
  1997 | D:2      | Reached skill level 1 in Armour
  2376 | D:2      | Reached XP level 4. HP: 25/25 MP: 13/13
  3115 | D:3      | Reached skill level 6 in Spellcasting
  3123 | D:3      | Reached XP level 5. HP: 21/29 MP: 8/15
  3320 | D:3      | Found a faded altar of an unknown god.
  3379 | D:4      | Noticed an ogre
  3493 | D:4      | Found a basalt altar of Yredelemnul.
  3528 | D:4      | Reached skill level 1 in Poison Magic
  3533 | D:4      | Reached skill level 1 in Air Magic
  3596 | D:4      | Found a shimmering blue altar of Sif Muna.
  3661 | D:4      | Noticed Grinder
  3696 | D:4      | Killed Grinder
  3697 | D:4      | Reached skill level 7 in Spellcasting
  3697 | D:4      | Reached XP level 6. HP: 31/35 MP: 18/18
  3933 | D:4      | Found a broken altar of Ashenzari.
  4097 | D:4      | Learned a level 5 spell: Freezing Cloud
  4241 | D:4      | Reached skill level 8 in Spellcasting
  4241 | D:4      | Reached XP level 7. HP: 40/40 MP: 20/20
  4533 | D:5      | Entered Level 5 of the Dungeon
  4656 | D:5      | Reached skill level 1 in Ice Magic
  4725 | D:5      | Found Docsouqi's Jewellery Boutique.
  4747 | D:5      | Found an ancient bone altar of Kikubaaqudgha.
  4756 | D:5      | Found a glowing silver altar of Zin.
  4792 | D:5      | Noticed Sigmund
  4798 | D:5      | Killed Sigmund
  4799 | D:5      | Reached skill level 5 in Conjurations
  5024 | D:5      | Noticed Prince Ribbit
  5034 | D:5      | Killed Prince Ribbit
  5035 | D:5      | Reached skill level 9 in Spellcasting
  5035 | D:5      | Reached XP level 8. HP: 35/44 MP: 23/23
  5726 | D:6      | Found a staircase to the Ecumenical Temple.
  5732 | Temple   | Entered the Ecumenical Temple
  5739 | Temple   | Became a worshipper of Vehumet
  6015 | D:6      | Reached skill level 10 in Spellcasting
  6604 | D:7      | Reached skill level 11 in Spellcasting
  6668 | D:7      | Found a transporter.
  6674 | D:7      | Identified the +2 buckler of Hospitality {Str+8}
  6734 | D:7      | Reached XP level 9. HP: 49/49 MP: 26/26
  6889 | D:7      | Identified the ring "Xelepp" {+Blink MP+9}
  6894 | D:7      | Found a transporter.
  7582 | D:7      | Reached skill level 1 in Fire Magic
  7582 | D:7      | Reached skill level 1 in Evocations
  7811 | D:7      | Noticed IdlyInterested's ghost (novice DsWn)
  7852 | D:7      | HP: 2/49 [gnoll sergeant/+1 spear of venom (6)]
  7852 | D:7      | Killed from afar by IdlyInterested's ghost

Illustrated notes

Levels and vault maps discovered:
D:1:      erik_arrival_blinker_ship, layout_basic
D:2:      layout_loops_corners, minmay_misc_feat_encased
D:3:      layout_rooms, shapermc_ecumenical_altar_mp_vishouse, st_stairs_10,
          serial_bayou_pond_e
D:4:      nicolae_cairo_tiling, layout_basic, lemuel_doored_altar,
          ashenzari_conservatory_becter, mainiacjoe_overflow_boulevard,
          minmay_between, uniq_grinder
D:5:      layout_loops_ring, amethyst_overflow_temple_binary, serial_shops,
          shop, uniq_prince_ribbit1, uniq_sigmund
D:6:      layout_basic, minmay_temple_entry_grid
D:7:      layout_loops_corners, gammafunk_ghost_gnarly_gnolls, kennysheep_path_1
Temple:   nicolae_temple_no_exploring_needed

Skill      XL: |  1  2  3  4  5  6  7  8  9 |
---------------+----------------------------+-----
Spellcasting   | 5 6 7 8 9 11 | 11.4
Fighting       | 1 2 |  2.9
Armour         | 1 2 3 |  3.1
Conjurations   | 2 3 5 6 7 |  7.1
Stealth        | 3 |  3.0
Dodging        | 3 |  3.0
Poison Magic   | 1 |  1.0
Air Magic      | 1 |  1.0
Ice Magic      | 1 |  1.0
Fire Magic     | 1 |  1.1
Evocations     | 1 |  1.1
Summonings     | |  1.1
Translocations | |  1.1

Action                   |  1- 3 |  4- 6 |  7- 9 || total
-------------------------+-------+-------+-------++-------
Melee: Dagger            |       |    21 |    44 ||    65
       Punch             |       |     1 |       ||     1
 Cast: Magic Dart        |   122 |   107 |   182 ||   411
       Mephitic Cloud    |       |     4 |    13 ||    17
       Call Imp          |       |     1 |     3 ||     4
       Blink             |       |     1 |     3 ||     4
  Use: Potion            |     2 |       |       ||     2
 Stab: Confused          |       |     3 |     9 ||    12
Armor: Robe              |     5 |     2 |       ||     7
       Leather armour    |       |     5 |    13 ||    18
       Steam dragon scal |       |       |    15 ||    15
Dodge: Dodged            |    11 |    19 |    84 ||   114

Table legend: (Time is in decaauts)
 A = Elapsed time spent in this place.
 B = Non-inter-level travel time spent in this place.
 C = Inter-level travel time spent in this place.
 D = Time resting spent in this place.
 E = Time spent auto-exploring this place.
 F = Levels seen in this place.
 G = Mean time per level.
                   A        B        C        D        E       F      G
               +--------+--------+--------+--------+--------+-----+--------+
         Total |   7849 |   7605 |    244 |    101 |   6500 |   8 |  981.1 |
       Dungeon |   7834 |   7596 |    238 |    101 |   6500 |   7 | 1119.1 |
        Temple |     14 |      8 |      6 |      0 |      0 |   1 |   14.0 |
               +--------+--------+--------+--------+--------+-----+--------+

Top non-repeatable levels by time:
     D:1: 1295 daAuts
     D:7: 1255 daAuts
     D:2: 1173 daAuts
     D:4: 1171 daAuts
     D:6: 1055 daAuts
     D:5: 992 daAuts
     D:3: 890 daAuts
  Temple: 14 daAuts
